 Dungeon Crawl Stone Soup version 0.29.1-2-gbd0b4ee654 (webtiles) character file.

Game seed: 10816117407379686368

569 whiskeysaurus the Insei (level 7, -8/46 HPs)
             Began as an Octopode Transmuter on Nov 18, 2022.
             Was an Initiate of Gozag.
             Killed from afar by an orc wizard (9 damage)
             ... with a puff of flame
             ... on level 5 of the Dungeon.
             The game lasted 00:10:06 (6213 turns).

whiskeysaurus the Insei (Octopode Transmuter)       Turns: 6213, Time: 00:10:06

Health: -8/46      AC:  1    Str:  9    XL:     7   Next: 33%
Magic:  12/12      EV: 18    Int: 18    God:    Gozag
Gold:   265        SH:  0    Dex: 12    Spells: 9/13 levels left

rFire   . . .      SeeInvis .     - Unarmed
rCold   . . .      Faith    .   (no shield)
rNeg    . . .      Spirit   .   (helmet currently unavailable)
rPois   .          Reflect  .   (no amulet)
rElec   .          Harm     .   j - +4 ring of evasion
rCorr   .          Rampage  .   (no ring)
Will    .....                   (no ring)
Stlth   ++........              (no ring)
HPRegen 0.15/turn               (no ring)
MPRegen 0.13/turn               (no ring)
                                (no ring)
                                (no ring)

@: appendages (expiring), gold aura
A: tentacle spike 3, almost no armour, amphibious, 8 rings, camouflage 1,
gelatinous body 1, (nimble swimmer 1), tentacles
a: End Transformation, Renounce Religion, Potion Petition, Call Merchant, Bribe
Branch


You were on level 5 of the Dungeon.
You worshipped Gozag.
Gozag was aware of your devotion.
One of your tentacles had grown a beastly spike.
You visited 2 branches of the dungeon, and saw 6 of its levels.

You collected 365 gold pieces.
You paid 100 gold pieces to Gozag.

Inventory:

Missiles
 g - 2 throwing nets
Jewellery
 j - a +4 ring of evasion (left tentacle)
Wands
 a - a wand of light (3)
Scrolls
 c - a scroll of torment {unknown}
 d - a scroll of teleportation
 e - 2 scrolls of noise {unknown}
 h - 3 scrolls of identify {unknown}
 i - 2 scrolls of fear {unknown}
 k - a scroll of enchant weapon {unknown}
 l - a scroll of poison {unknown}
 m - a scroll of acquirement {unknown}
Potions
 b - 2 potions of mutation {unknown}
 f - a potion of curing {unknown}


   Skills:
 + Level 3.3 Fighting
 + Level 3.8 Dodging
 + Level 4.4 Unarmed Combat
 + Level 3.6 Spellcasting
 + Level 3.9 Transmutations


You had 9 spell levels left.
You knew the following spells:

 Your Spells              Type           Power      Damage    Failure   Level
a - Beastly Appendage     Tmut           34%        N/A       3%          1
b - Spider Form           Tmut/Pois      10%        N/A       21%         3

Your spell library contained the following spells:

 Spells                   Type           Power      Damage    Failure   Level
 Wereblood                Tmut           17%        N/A       4%          2
 Blink                    Tloc           6%         N/A       24%         2
 Sublimation of Blood     Necr           3%         N/A       24%         2
 Gell's Gravitas          Tloc           3%         N/A       43%         3
 Lesser Beckoning         Tloc           3%         N/A       43%         3
 Teleport Other           Tloc           3%         N/A       43%         3
 Ice Form                 Ice/Tmut       10%        N/A       56%         4
 Dispel Undead            Necr           3%         3d7       83%         4
 Manifold Assault         Tloc           3%         N/A       99%         5
 Death Channel            Necr           1%         N/A       100%        6
 Dispersal                Tloc           1%         N/A       100%        6
 Summon Hydra             Summ           1%         N/A       100%        7
 Corpse Rot               Necr/Pois/Air  Unusable   N/A       N/A         4

Dungeon Overview and Level Annotations

Branches:
Dungeon (5/15)             Temple (1/1) D:5

Altars:
Cheibriados
Dithmenos
Gozag
Hepliaklqana
Okawaru
Ru
Sif Muna
Trog
Vehumet
Wu Jian
Zin
The Shining One


Innate Abilities, Weirdness & Mutations

One of your tentacles has grown a beastly spike.
You cannot wear most types of armour.
You are amphibious.
You can wear up to eight rings at the same time.
Your skin changes colour to match your surroundings (Stealth+).
Your rubbery body absorbs attacks. (AC +1, EV +1)
((You are camouflaged when in or above water. (Stealth+)))
You have tentacles for arms and can constrict up to eight enemies at once.


Message History

You tentacle-slap the adder. You grab the adder.
The adder is lightly wounded.
You constrict the adder. The adder bites you. Something hits you.
* * * LOW HITPOINT WARNING * * *
You tentacle-slap the adder but do no damage.
Your tentacle-slap misses the adder.
The adder is lightly wounded.
You constrict the adder. The adder bites you.
* * * LOW HITPOINT WARNING * * *
Something barely misses you.
You tentacle-slap the adder.
The adder is almost dead.
You constrict the adder.
You kill the adder!
Something hits you.
* * * LOW HITPOINT WARNING * * *
You tentacle-slap something. Something closely misses you.
You closely miss something.
Your tentacle spike misses something.
Your squeeze misses something. Something hits you.
* * * LOW HITPOINT WARNING * * *
Okay, then.
Okay, then.
Unknown command.
You closely miss something.
You pierce something.
Something barely misses you.
You miss something. You squeeze something.
Your transformation is almost over.
Something hits you.
* * * LOW HITPOINT WARNING * * *
You completely miss something. Your squeeze misses something.
Something hits you.
* * * LOW HITPOINT WARNING * * *
You barely miss something.
Your tentacle spike misses something.
Your squeeze misses something. Something hits you.
* * * LOW HITPOINT WARNING * * *
You closely miss something.
You pierce something.
You hear some strange, mumbled words.
A puff of flame appears from out of thin air!
The puff of flame hits you!
You die...
Your body crumbles into a pile of gold.

#......## #..#..#..#..#
#......# #.....#.....#
#......## #.....#.....#
##......####################
#..........................
#......................ยง..J
#......####################
#......#......#.....#..h..#
........#..@{..#.....#.....#
.<.......#+###..#..#..#..#..#
.........# #.$#..#..#..#..#
........# #.....#.....#...
#..... ... #... ####### ###


There were no monsters in sight!

Vanquished Creatures
  Blork the orc (D:4)
  A bullfrog (D:5)
  A scorpion (D:5)
  A howler monkey (D:4)
  2 jellies
  An orc priest (D:4)
  3 orc wizards
  3 gnolls (D:2)
  7 adders
  A shadow imp (D:5)
  A white imp (D:5)
  A worm (D:2)
  2 dart slugs (D:1)
  6 orcs
  7 endoplasms
  2 giant cockroaches
  6 goblins
  3 hobgoblins
  2 jackals (D:3)
  5 kobolds
  A quokka (D:1)
  6 ball pythons
  5 bats
  A frilled lizard (D:1)
  3 rats
72 creatures vanquished.

Notes
Turn   | Place    | Note
-------+----------+-------------------------------------------
     0 | D:1      | whiskeysaurus the Octopode Transmuter began the quest for
                  | the Orb.
     0 | D:1      | Reached XP level 1. HP: 13/13 MP: 3/3
   147 | D:1      | Reached XP level 2. HP: 17/18 MP: 3/5
   798 | D:1      | Reached XP level 3. HP: 21/23 MP: 4/6
  1660 | D:2      | Reached XP level 4. HP: 24/29 MP: 5/7
  1820 | D:2      | Found a glowing golden altar of the Shining One.
  2702 | D:3      | Found a glowing silver altar of Zin.
  3276 | D:3      | Reached XP level 5. HP: 23/34 MP: 7/9
  3518 | D:4      | Noticed Blork the orc
  3527 | D:4      | Killed Blork the orc
  3674 | D:4      | Learned a level 3 spell: Spider Form
  3743 | D:4      | Reached XP level 6. HP: 41/41 MP: 6/10
  3859 | D:4      | Reached skill level 4 in Unarmed Combat
  4010 | D:4      | HP: 2/41 [acid (10)]
  4948 | D:5      | Entered Level 5 of the Dungeon
  5034 | D:5      | Found a staircase to the Ecumenical Temple.
  5066 | Temple   | Entered the Ecumenical Temple
  5287 | Temple   | Became a worshipper of Gozag Ym Sagoz the Greedy
  5427 | D:5      | Reached XP level 7. HP: 43/46 MP: 9/12
  6212 | D:5      | HP: 1/46 [something (2)]
  6213 | D:5      | Killed from afar by an orc wizard

Illustrated notes

Levels and vault maps discovered:
D:1:      giann_wishing_wells, layout_basic, kennysheep_crisscross
D:2:      layout_loops_cross, basic_altar, minmay_pentomino_u2
D:3:      layout_loops_ring, mainiacjoe_overflow_small_starburst
D:4:      layout_rooms, uniq_blork_the_orc
D:5:      kennysheep_windowed_halls, layout_cave_pods,
          minmay_temple_entry_junction
Temple:   mainiacjoe_temple_trianglar_array

Skill      XL: |  1  2  3  4  5  6 |
---------------+-------------------+-----
Fighting       | 2 3 |  3.3
Dodging        | 3 |  3.8
Transmutations | 3 |  3.9
Spellcasting   | 3 |  3.6
Unarmed Combat | 4 |  4.4

Action                   |  1- 3 |  4- 6 |  7- 9 || total
-------------------------+-------+-------+-------++-------
Melee: Unarmed           |    56 |   106 |    38 ||   200
       Kick              |    14 |    33 |     7 ||    54
       Constrict         |    14 |    23 |     4 ||    41
       Tentacles         |     9 |    24 |     3 ||    36
       Punch             |     1 |     2 |     2 ||     5
 Cast: Beastly Appendage |    20 |    26 |     3 ||    49
       Spider Form       |       |     2 |     2 ||     4
  Use: Scroll            |       |     1 |     1 ||     2
       Potion            |       |     1 |       ||     1
 Stab: Sleeping          |     6 |     5 |     1 ||    12
Armor: Skin              |    13 |     4 |     1 ||    18
Dodge: Dodged            |    44 |    68 |    31 ||   143
